 Dungeon Crawl Stone Soup version 0.25-a0-479-g8579842fd4 (webtiles) character file.

Game seed: 17759138078260476175, levelgen mode: deterministic

11 kae the Sneak (level 2, 0/15 HPs)
             Began as a Kobold Enchanter on Feb 9, 2020.
             Slain by a kobold (2 damage)
             ... on level 1 of the Dungeon.
             The game lasted 00:00:42 (342 turns).

kae the Sneak (Kobold Enchanter)                     Turns: 342, Time: 00:00:43

Health: 0/15       AC:  3    Str:  5    XL:     2   Next: 35%
Magic:  5/5        EV: 15    Int: 16    God:
Gold:   40         SH:  0    Dex: 15    Spells: 2/5 levels left

rFire    . . .     SeeInvis .   b - +0 hand axe
rCold    . . .     Gourm    .   (shield restricted)
rNeg     . . .     Faith    .   g - +0 robe
rPois    .         Spirit   .   (no helmet)
rElec    .         Reflect  .   f - +0 cloak
rCorr    .         Harm     .   (no gloves)
MR       .....                  (no boots)
Stlth    +++.......             (no amulet)
HPRegen  0.05/turn              (no ring)
MPRegen  0.09/turn              (no ring)

@: no status effects
A: small, carnivore
a: no special abilities


You were on level 1 of the Dungeon.
You were not hungry.

You visited 1 branch of the dungeon, and saw 1 of its levels.

You collected 40 gold pieces.

Inventory:

Hand Weapons
 a - a +1 dagger
 b - a +0 hand axe (weapon)
Armour
 f - a +0 cloak (worn)
 g - a +0 robe (worn)
Scrolls
 c - a scroll of amnesia {unknown}
 h - a scroll of enchant weapon {unknown}
 i - a scroll of identify {unknown}
 k - a scroll of fog {unknown}
Potions
 e - a potion of heal wounds {unknown}
 j - a potion of haste {unknown}
Comestibles
 d - 3 rations


   Skills:
 * Level 2.4 Short Blades
 - Level 2.4 Dodging
 - Level 4.0 Stealth
 + Level 2.4 Spellcasting
 + Level 3.1 Hexes


You had 2 spell levels left.
You knew the following spells:

 Your Spells              Type           Power        Failure   Level  Hunger
a - Corona                Hex            ##.....      5%          1    #......
b - Ensorcelled Hibernat  Hex/Ice        #.....       16%         2    ###....

Your spell library contained the following spells:

 Spells                   Type           Power        Failure   Level  Hunger
 Confusing Touch          Hex            ##......     16%         3    ###....
 Tukima's Dance           Hex            ##......     16%         3    ###....
 Dazzling Flash           Conj/Hex       #.....       30%         3    ###....


Dungeon Overview and Level Annotations

Branches:
Dungeon (1/15)

Altars:


Innate Abilities, Weirdness & Mutations

You are small and have problems with some larger weapons.
You are carnivorous and can eat meat at any time.


Message History

* * * LOW HITPOINT WARNING * * *
You barely miss the rat.
The rat is heavily wounded.
The rat completely misses you.
You closely miss the rat.
The rat is heavily wounded.
The rat closely misses you.
You closely miss the rat.
The rat is heavily wounded.
The rat misses you. The rat closely misses you.
You hit the rat but do no damage.
The rat is heavily wounded.
The rat closely misses you.
You hit the rat but do no damage.
The rat is heavily wounded.
The rat closely misses you.
You barely miss the rat.
The rat is heavily wounded.
The rat completely misses you. The kobold hits you.
You die...

### ## ## #.? .. .. #...
..###. #..###.#$#. #
#..#.##.##.######## #
#..##†###.rK.......
######....###.##@.......
.........##.##!#........
#######.)# #.###..######
#######..###......#
.......................
#####...##....###..####
# #...##########+####.#
#####...# #..........#
........# #..........#


You could see a kobold and a rat.

Vanquished Creatures
  A hobgoblin (D:1)
  6 bats (D:1)
  2 goblins (D:1)
  2 rats (D:1)
11 creatures vanquished.

Notes
Turn   | Place    | Note
-------+----------+-------------------------------------------
     0 | D:1      | kae the Kobold Enchanter began the quest for the Orb.
     0 | D:1      | Reached XP level 1. HP: 10/10 MP: 3/3
   208 | D:1      | Reached XP level 2. HP: 13/15 MP: 5/5
   225 | D:1      | Learned a level 2 spell: Ensorcelled Hibernation
   342 | D:1      | Slain by a kobold

Levels and vault maps discovered:
D:1:      psy_arrival_statuary, layout_basic, minmay_heptomino_o4

Skill      XL: |  1 |
---------------+----+-----
Short Blades   | 2 |  2.4
Dodging        | |  2.4
Stealth        | |  4.0
Spellcasting   | |  2.4
Hexes          | |  3.1

Action                   || total
-------------------------++-------
Melee: Dagger            ||    11
       Hand axe          ||    22
 Stab: Sleeping          ||     2
Armor: Robe              ||     9
Dodge: Dodged            ||    34

Table legend:
 A = Non-vault XP
 B = Vault XP
 C = Vault XP percentage of total XP
 D = Non-vault monster count
 E = Vault monster count
 F = Vault count percentage of total count
                 A         B        C        D         E       F
            +---------+---------+-------+---------+---------+-------
      Total |      12 |       4 |  25.0 |       9 |       2 |  18.2
            +---------+---------+-------+---------+---------+-------
        D:1 |      12 |       4 |  25.0 |       9 |       2 |  18.2
            +---------+---------+-------+---------+---------+-------
